woodfighter, neutral female human Healer ------------- --...........| |...--------.---- ---- ------..-- |.q.... ---..-- |.......| ---@... ......-- |...----- ----.... ----- --.....-- ---.| |....... --...| ---....| |.| |.....-- |....--- --- |....)-- |.| --- |..f--- |......---.-- --.....--- --.----.-- |-..| . ---...|.....--------.....%.-------- |....^...-- |...| ----.. --.---..........................| |.........| --..---...... |.---.....<..-----.%.---------.-----.......-- --......)... --.............----..-- |...|--.......| ----......*.... --.......[....(...|...| ---.--.......-- --......f.)...... |....................-- |.....---.-- --................ --...............^...-- |.....| --- |................. --.............--....-- --..--- --...............- --..........-----....| ---- |......---.---... |..|.|.--..| ---..| --.----- --- --. ------------ ---- --- woodfighter the Embalmer Experience level: 8 Strength: 16 Dexterity: 12 Constitution: 16 Intelligence: 8 Wisdom: 17 Charisma: 16 Health: 0(52) Energy: 78(83) Def: 10 Gold: 75 Moves: 9502 Dungeon seed: ZJB5tnuQUv9j6rC2 Game ID: woodfighter_1505190004 Your Inventory: Coins $ - 75 gold pieces Amulets M - an uncursed amulet of ESP (being worn) Weapons a - a +3 scalpel (weapon in hand) K - 32 cursed -2 darts R - 51 +0 darts (in quiver) V - 4 cursed +0 darts Armor e - an uncursed +1 pair of leather gloves (being worn) i - a blessed +0 leather armor (being worn) z - a blessed +2 dwarvish cloak (being worn) J - an uncursed +0 dwarvish cloak L - a blessed +0 dwarvish cloak N - an uncursed +1 pair of low boots (being worn) Y - an uncursed +1 dwarvish cloak Comestibles k - 4 blessed eucalyptus leaves l - 4 blessed sprigs of wolfsbane m - 4 blessed cloves of garlic o - 7 uncursed apples r - 3 uncursed food rations v - an uncursed tripe ration P - an uncursed banana X - an uncursed cram ration Z - 2 uncursed lizard corpses Scrolls E - 2 uncursed scrolls of teleportation F - an uncursed scroll of create monster Potions Q - an uncursed potion of fruit juice Rings n - an uncursed ring of polymorph control (on left hand) T - an uncursed ring of free action (on right hand) Wands g - a wand of sleep (0:7) G - a wand of digging (0:4) H - a wand of sleep (0:6) Tools b - an uncursed stethoscope q - a +0 unicorn horn s - an uncursed sack w - an uncursed brass lantern (0:1168) x - an uncursed oil lamp (lit) (0:618) y - an uncursed skeleton key O - an uncursed tallow candle (0:200) U - an uncursed towel Gems S - an uncursed flint Contents of the sack: an uncursed lizard corpse an uncursed [+0] pick-axe Spells and supernatural/magical abilities: Name Level Category Fail Memory h - healing 1 healing 15% 53% x - extra healing 3 healing 35% 53% S - stone to flesh 3 healing 48% 53% W - pray for help -- divine ? -- Your skills at the end: Miscellaneous Skills wands [Basic] Weapon Skills knife [Skilled] Spellcasting Skills healing spells [Basic] Final Attributes: You were piously aligned. You were poison resistant. Your writing hand was ok. You were telepathic. You were somewhat stealthy. You were protected. You had polymorph control. You were fast. You had free action. You are dead. Vanquished creatures: 3 giant mimics a large mimic 2 quantum mechanics 4 small mimics a large dog a tengu an ettin zombie a leather golem 2 giant beetles 3 lizards an orc-captain an ice vortex 2 vampire bats 3 gnome kings a brown pudding 2 piranhas a jaguar a dwarf lord a water nymph a white unicorn a plains centaur a gnome mummy 4 bugbears 3 imps a quasit an orc shaman a rock mole 2 rock piercers 3 fog clouds 13 gnome lords a gnomish wizard 2 kobold mummies a red naga hatchling a black naga hatchling 2 gray oozes 4 elf zombies 2 straw golems 2 paper golems 3 jellyfish a puppy 2 floating eyes 2 kittens 11 dwarves 4 homunculi a kobold shaman 5 iguanas 9 hill orcs 3 rothes a rabid rat 2 centipedes 7 jitterbugs a giant bat a monkey 6 orc zombies a wererat 2 killer bees a coyote 4 gas spores 4 hobbits 4 acid blobs a large kobold 3 geckos a hobgoblin 13 giant rats 3 cave spiders a brown mold 4 yellow molds a green mold 2 red molds 37 gnomes 7 garter snakes 2 gnome zombies 23 jackals a fox a kobold 12 newts 4 goblins 13 sewer rats 7 grid bugs 2 bats 5 lichens 3 kobold zombies 299 creatures vanquished. Voluntary challenges: You were not invisible. You did not have reflection. You were not displaced. You had been an atheist until turn 3881. You used a wielded weapon 552 times, starting on turn 65. You did not apply a unicorn horn. You did not use plumbed fixtures. You did not drink any magical draughts. You read items or engraved 7 times, starting on turn 4364. You never genocided any monsters. You never polymorphed an object. You never changed form. You completed Sokoban on turn 7052, according to the rules. You used no wishes. You never split a pudding. You never wrote Elbereth's name. You never violated your personal moral code. Dungeon overview: The Dungeons of Doom: levels 1 to 10 Level 1 a fountain a long staircase Level 2 a general store Level 3 (vault) stairs to The Gnomish Mines Level 4 Level 5 a general store, some fountains Level 6 Level 7 a fountain Level 8 many fountains Level 9 a temple to Poseidon, a fountain stairs to Sokoban Level 10 The Gnomish Mines: levels 4 to 8 Level 4 stairs to The Dungeons of Doom Level 5 Level 6 many shops, a temple to Athena, a magic chest, some trees Level 7 Level 8 <- You were here Sokoban: levels 5 to 8 Level 5 a magic chest Level 6 a sink Level 7 Level 8 an altar to Athena, a magic chest stairs to The Dungeons of Doom History has recorded: On T:1 you entered the Dungeons of Doom to retrieve the Amulet of Yendor! On T:127 you reached level 2 of The Dungeons of Doom. On T:413 you reached level 3 of The Dungeons of Doom. On T:531 you advanced to experience level 2. On T:866 you advanced to experience level 3. On T:1213 you reached level 1 of The Gnomish Mines. On T:1415 you reached level 4 of The Dungeons of Doom. On T:1427 you advanced to experience level 4. On T:1657 you reached level 5 of The Dungeons of Doom. On T:1997 you reached level 6 of The Dungeons of Doom. On T:2305 you advanced to experience level 5. On T:2553 you reached level 7 of The Dungeons of Doom. On T:2957 you reached level 8 of The Dungeons of Doom. On T:3405 you advanced to experience level 6. On T:3755 you reached level 9 of The Dungeons of Doom. On T:4019 you reached level 10 of The Dungeons of Doom. On T:4147 you reached level 4 of Sokoban. On T:4362 you opened a magic chest. On T:5249 you reached level 3 of Sokoban. On T:5944 you reached level 2 of Sokoban. On T:6464 you advanced to experience level 7. On T:6488 you reached level 1 of Sokoban. On T:7052 you advanced to experience level 8. On T:7052 you entered the Sokoban zoo. On T:7617 you reached level 2 of The Gnomish Mines. On T:7969 you reached level 3 of The Gnomish Mines. On T:8129 you reached level 4 of The Gnomish Mines. On T:8489 you entered the Minetown temple On T:9122 you reached level 5 of The Gnomish Mines. Score breakdown: Gold: 0 ( 0 points) Experience: 8 levels ( 700 points) Exploration: 10 levels ( 270 points) Discoveries: 25 items ( 1250 points) Variety of kills: 82 monsters ( 2000 points) Major goal: finished Sokoban ( 1000 points) Survival: died (score multiplied by 3) Total score: 15660 Latest messages: You hear a distant squeak. You stop exploring. You kill the sewer rat! The sewer rat bites! You kill the sewer rat! You hack the leocrotta! The leocrotta is lightly wounded. You slash the leocrotta! The leocrotta is moderately wounded. The leocrotta claws you! The leocrotta misses. The leocrotta claws you! (2x) The leocrotta bites! The leocrotta claws you! You slash the leocrotta! The leocrotta is moderately wounded. The leocrotta just misses! The leocrotta misses. (2x) You feel better. The leocrotta claws you! The leocrotta bites! The leocrotta misses. The leocrotta claws you! The leocrotta bites! You die... Final status: Goodbye woodfighter the Healer, killed by a leocrotta... You died in The Gnomish Mines on dungeon level 8 with 15660 points, and 75 pieces of gold, after 9502 moves. You were level 8 with a maximum of 52 hit points when you died.